 Dungeon Crawl Stone Soup version 0.18.1-48-g4cf74bf (webtiles) character file.

44 nikopol the Poker (level 3, -4/49 HPs)
             Began as a Minotaur Berserker on July 24, 2016.
             Was a Follower of Trog.
             Slain by Sigmund
             ... wielding a +0 scythe
              (9 damage)
             ... on level 2 of the Dungeon.
             The game lasted 00:02:08 (1104 turns).

nikopol the Poker (Minotaur Berserker)              Turns: 1104, Time: 00:02:09

Health: -4/49      AC:  5    Str: 26    XL:     3   Next: 39%
Magic:  2/2        EV: 12    Int:  4    God:    Trog [*.....]
Gold:   20         SH:  0    Dex: 10    Spells: 0 memorised, 2 levels left

rFire  . . .     SeeInvis .     a - +0 spear
rCold  . . .     Gourm    .     d - +0 ring mail
rNeg   . . .     Faith    .     (no shield)
rPois  .         Spirit   .     (helmet restricted)
rElec  .         Dismiss  .     (no cloak)
rCorr  .         Reflect  .     (no gloves)
SustAt .         Harm     .     (no boots)
MR     .....                    (no amulet)
Stlth  ..........               (no ring)
                                (no ring)

@: berserking, lethally poisoned (-4 -> -9), very quick, not resistant to
hostile enchantments, extremely unstealthy
A: retaliatory headbutt, horns 2
a: Berserk, Burn Spellbooks, Renounce Religion


You were on level 2 of the Dungeon.
You worshipped Trog.
Trog was aware of your devotion.
You were not hungry.

You visited 1 branch of the dungeon, and saw 2 of its levels.

You collected 20 gold pieces.

Inventory:

Hand Weapons
 a - a +0 spear (weapon)
Missiles
 f - 43 arrows (quivered)
Armour
 b - a +0 animal skin
 d - a +0 ring mail (worn)
Wands
 p - a wand of disintegration (7/24)
Scrolls
 j - 2 scrolls of teleportation {unknown}
 k - a scroll of magic mapping {unknown}
 l - a scroll of recharging {unknown}
 m - 2 scrolls of identify {unknown}
Potions
 e - a potion of curing {unknown}
 h - a potion of magic {unknown}
 i - a potion of cure mutation {unknown}
Comestibles
 c - a bread ration
 g - a beef jerky
 n - a meat ration


   Skills:
 + Level 3.9 Fighting
 + Level 4.1 Polearms
 + Level 3.2 Armour
 + Level 2.9 Dodging


You had 2 spell levels left.
You didn't know any spells.

Dungeon Overview and Level Annotations

Branches:
Dungeon (2/15)

Altars:

Annotations:
D:2 Sigmund


Innate Abilities, Weirdness & Mutations

You reflexively headbutt those who attack you in melee.
You have a pair of horns on your head.


Message History

The giant gecko bites you. The adder bites you but does no damage.
You completely miss the adder.
The adder is heavily wounded.
The giant gecko barely misses you. The adder bites you but does no damage.
Sigmund hits you from afar with a scythe!
* * * LOW HITPOINT WARNING * * *
A red film seems to cover your vision as you go berserk!
You feel yourself moving faster!
You feel mighty!
You feel somewhat more hungry.
You feel sick. The giant gecko misses you. The adder misses you.
All of the chunks of flesh in your inventory have rotted away.
You puncture the giant gecko!
You kill the giant gecko!
Trog accepts your kill. The adder bites you.
* * * LOW HITPOINT WARNING * * *
You are lethally poisoned!
The adder poisons you!
Sigmund hits you from afar with a scythe!
You die...

#.##...............
#.##...............
#.####.####........
######.####.# #........
...........#.# #.##.##..
.#########.#.####........
#.....).....#........
#.###.......#........
#†@†.............##
#.@S......###........
......##.##..# ####.####
...... ... .... ....####
..... #.##..#####......
..... ### .# ........
.... #..##.. .... # #.#
#.#..##.#


You could see Sigmund and an adder.

Vanquished Creatures
  A gnoll (D:1)
  A dart slug (D:1)
  A giant gecko (D:2)
  4 bats
  A giant cockroach (D:2)
  A goblin (D:1)
  7 hobgoblins (D:1)
  4 jackals (D:1)
  A ball python (D:1)
  5 kobolds
  2 rats (D:1)
28 creatures vanquished.

Notes
Turn   | Place    | Note
--------------------------------------------------------------
     0 | D:1      | nikopol the Minotaur Berserker began the quest for the Orb.
     0 | D:1      | Reached XP level 1. HP: 19/19 MP: 0/0
    97 | D:1      | Reached XP level 2. HP: 24/26 MP: 1/1
   763 | D:1      | Reached skill level 4 in Polearms
   875 | D:1      | Reached XP level 3. HP: 20/33 MP: 2/2
  1095 | D:2      | Noticed Sigmund
  1104 | D:2      | Slain by Sigmund

Skill      XL: |  1  2 |
---------------+-------+-----
Armour         | 3 |  3.2
Polearms       | 4 |  4.1
Fighting       | |  3.9
Dodging        | |  2.9

Action                   || total
-------------------------++-------
Melee: Spear             ||    90
       Headbutt          ||    12
Invok: Berserk           ||     1
  Eat: Chunk             ||     1
Armor: Ring mail         ||    17
Dodge: Dodged            ||    40
